 Dungeon Crawl Stone Soup version 0.28.0-45-g0d030f2227 (webtiles) character file.

Game seed: 13887721881860290573

25 demenzo the Skirmisher (level 3, 0/30 HPs)
             Began as a Djinni Cinder Acolyte on Apr 11, 2022.
             Was a High Priest of Ignis.
             Slain by a kobold
             ... wielding a +0 whip
              (1 damage)
             ... on level 1 of the Dungeon.
             The game lasted 00:01:56 (1431 turns).

demenzo the Skirmisher (Djinni Cinder Acolyte)      Turns: 1431, Time: 00:01:56

Health: 0/30       AC:  3    Str: 13    XL:     3   Next: 17%
Gold:   28         EV: 11    Int: 15    God:    Ignis [*****.] SH:  0 Dex: 10

rFire   + + +      SeeInvis .   a - -1 falchion (flame)
rCold   x . .      Faith    .   (no shield)
rNeg    . . .      Spirit   .   b - +0 robe
rPois   ∞          Reflect  .   (no helmet)
rElec   .          Harm     .   (no cloak)
rCorr   .          Rampage  .   i - +0 pair of gloves
Will    .....                   (boots unavailable)
Stlth   +.........              (no amulet)
HPRegen 0.10/turn               (no ring)
MPRegen 0.00/turn               (no ring)

@: flying
A: sickness immunity, fire resistance 2, cold vulnerability 1, float, innate
caster, HP casting, extra vitality 1
a: Renounce Religion, Fiery Armour, Foxfire Swarm, Rising Flame


You were on level 1 of the Dungeon.
You worshipped Ignis.
Ignis was extremely pleased with you.
You visited 1 branch of the dungeon, and saw 2 of its levels.

You collected 28 gold pieces.

Inventory:

Hand Weapons
 a - a -1 falchion of flaming (weapon)
Missiles
 f - 14 arrows
Armour
 b - a +0 robe (worn)
 i - a +0 pair of gloves (worn)
Scrolls
 c - 2 scrolls of identify {unknown}
 d - a scroll of fear {unknown}
 e - a scroll of noise {unknown}
 h - a scroll of magic mapping {unknown}
Potions
 g - a potion of curing {unknown}
 j - a potion of flight {unknown}


   Skills:
 + Level 3.2 Fighting
 * Level 3.1 Long Blades
 + Level 1.0 Dodging
 + Level 2.6 Spellcasting


You had 4 spell levels left.
You knew the following spells:

 Your Spells              Type           Power      Damage    Failure   Level
a - Scorch                Fire           18%        2d5       11%         2
b - Animate Skeleton      Necr           18%        N/A       7%          1
Your spell library was empty.

Dungeon Overview and Level Annotations

Branches:
Dungeon (2/15)

Altars:

Annotations:
D:2 Jessica


Innate Abilities, Weirdness & Mutations

You are immune to sickness and miasma.
You are immune to poison.
Your flesh is very heat resistant. (rF++)
You are vulnerable to cold. (rC-)
You float through the air rather than walking.
You learn spells naturally, not from books.
Your magical power is your life essence.
You have superior vitality. (+4 MHP)


Message History

You hit the giant cockroach. You burn the giant cockroach.
You kill the giant cockroach!
No target in view!
No target in view!
No target in view!
No target in view!
You start resting.
HP restored.
You start waiting.
Done waiting.
You fly downwards.
Level annotation: Jessica
There is a stone staircase leading up here.
Jessica gestures wildly while chanting.
Jessica seems to speed up.
The kobold hits you with a +0 whip.
You fly upwards.
There is a stone staircase leading down here.
You closely miss the kobold. The kobold hits you with a +0 whip.
You closely miss the kobold. The kobold hits you but does no damage.
You miss the kobold. The kobold hits you with a +0 whip. x2
You are too injured to fight recklessly!
You are too injured to fight recklessly!
You are too injured to fight recklessly!
You are too injured to fight recklessly!
You are too injured to fight recklessly!
You are too injured to fight recklessly!
You are too injured to fight recklessly!
You are too injured to fight recklessly!
You completely miss the kobold. The kobold hits you with a +0 whip.
You miss the kobold. The kobold closely misses you.
You barely miss the kobold. The kobold hits you but does no damage.
You barely miss the kobold. The kobold hits you but does no damage.
You closely miss the kobold. The kobold hits you with a +0 whip.
* * * LOW HITPOINT WARNING * * *
You barely miss the kobold. Your punch misses the kobold.
The kobold hits you with a +0 whip.
* * * LOW HITPOINT WARNING * * *
The kobold hits you with a +0 whip.
You die...

...#.....#.#.#.#.# #.#......#
.................# #.#.####.#
..........)......# #.#...#.##
......#.......#..### #.###.#.##
...##.#.......#....#####.###.#..#
##.#.....#)####.......)......#..#
##.#..##.#........(#####.##..#...
.........######K.........##..#...
...#.#.#.....###@#####.......#...
#..#.#.#.###.# #†# #.#.........
#.##.#.#.# #.# #.# #.#..#......
.....#.#.###.###.# #.##.#.##.#.
.#####.....#.....# #......##.#.
.# ############# ####.####.#. .#
#.####.#. .# #......#. .#
#########


You could see a kobold.

Vanquished Creatures
  A bat (D:1)
  An endoplasm (D:1)
  A giant cockroach (D:1)
  2 goblins (D:1)
  3 hobgoblins (D:1)
  4 jackals (D:1)
  3 kobolds (D:1)
  A quokka (D:1)
  A ball python (D:1)
  3 frilled lizards (D:1)
  A rat (D:1)
21 creatures vanquished.

Notes
Turn   | Place    | Note
-------+----------+-------------------------------------------
     0 | D:1      | demenzo the Djinni Cinder Acolyte began the quest for the
                  | Orb.
     0 | D:1      | Reached XP level 1. HP: 20/20 MP: 0/0
   199 | D:1      | Reached XP level 2. HP: 12/25 MP: 0/0
   942 | D:1      | Reached XP level 3. HP: 24/30 MP: 0/0
   942 | D:1      | Learned a level 1 spell: Animate Skeleton
   946 | D:1      | Reached skill level 1 in Dodging
  1215 | D:2      | Noticed Jessica
  1431 | D:1      | HP: 1/30 [kobold/+0 whip (4)]
  1431 | D:1      | Slain by a kobold

Illustrated notes

Levels and vault maps discovered:
D:1:      lightli_arrival_noodles, layout_basic
D:2:      layout_basic, shapermc_ecumenical_altar_totnotflames, uniq_natasha,
          uniq_jessica

Skill      XL: |  1  2  3 |
---------------+----------+-----
Long Blades    | 3 |  3.1
Dodging        | 1 |  1.0
Fighting       | |  3.2
Spellcasting   | |  2.6

Action                   || total
-------------------------++-------
Melee: Falchion          ||    82
       Punch             ||     1
Armor: Robe              ||    26
Dodge: Dodged            ||    47
